[Event "GambitGuide"]
[Site "Internet Chess Club"]
[Date "2014.10.30"]
[Round "1"]
[White "JSBach"]
[Black "Fifo25"]
[Result "1-0"]
[ICCResult "Black checkmated"]
[WhiteElo "1714"]
[BlackElo "1509"]
[Opening "Vienna: `Frankenstein-Dracula' variation"]
[ECO "C27"]
[NIC "VG.02"]
[Time "18:36:41"]
[TimeControl "120+12"]

1. e4 e5 2. Nc3 Nf6 3. Bc4 Nxe4 4. Qh5 Nd6 5. Bb3 Nc6 6. Nb5 g6 7. Qf3 f5 8.
Qd5 Qe7 9. Nxc7+ Kd8 10. Nxa8 b6 11. Ba4 Bb7 12. Nxb6 Nd4 13. Qa5 axb6 14.
Qxb6+ Kc8 15. Kf1 Nc4 16. Qa7 Qb4 17. c3 Nxd2+ 18. Bxd2 Qc4+ 19. Ke1 Bc5 20.
Bxd7+ Kc7 21. Qa4 Qd3 22. cxd4 Ba6 23. Ba5+ Kb7 24. Qc6+ Ka7 25. Qxc5+ Ka8
26. Bc6+ Kb8 27. Qb6+ Kc8 28. Qc7# {Black checkmated} 1-0

[Event "GambitGuide"]
[Site "Internet Chess Club"]
[Date "2014.10.30"]
[Round "1"]
[White "JSBach"]
[Black "kaens"]
[Result "0-1"]
[ICCResult "White checkmated"]
[WhiteElo "1699"]
[BlackElo "2439"]
[Opening "Vienna: `Frankenstein-Dracula' variation"]
[ECO "C27"]
[NIC "VG.02"]
[Time "18:36:25"]
[TimeControl "120+12"]

1. e4 e5 2. Nc3 Nf6 3. Bc4 Nxe4 4. Qh5 Nd6 5. Bb3 Nc6 6. Nb5 g6 7. Qf3 f5 8.
Qd5 Qe7 9. Nxc7+ Kd8 10. Nxa8 b6 11. Ba4 Nd4 12. f4 Bb7 13. Qxe5 Bxg2 14.
Nxb6 axb6 15. c3 Nc6 16. Bxc6 dxc6 17. Ne2 Bxh1 18. Qxh8 Kd7 19. Qd4 Bf3 20.
Qf2 Bg4 21. h3 Bxh3 22. Qxb6 Bg4 23. Qa7+ Ke6 24. Qe3+ Kd7 25. Qa7+ Ke6 26.
Qxe7+ Bxe7 27. Ng3 Bh4 28. Kf1 Bxg3 29. d4 h5 30. Be3 Nc4 31. Kg2 h4 32. Bc1
Nd6 33. a3 Ne4 34. Kh1 Bf3+ 35. Kg1 h3 36. d5+ Kxd5 37. c4+ Kxc4 38. b3+
Kxb3 39. Rb1+ Kc2 40. Rb2+ Kxc1 41. Ra2 Nd2 42. Rxd2 Kxd2 43. a4 Ke2 44. a5
h2# {White checkmated} 0-1

[Event "GambitGuide"]
[Site "Internet Chess Club"]
[Date "2014.10.30"]
[Round "1"]
[White "JSBach"]
[Black "MacClassic"]
[Result "1-0"]
[ICCResult "Black resigns"]
[WhiteElo "1699"]
[BlackElo "1605"]
[Opening "Vienna: `Frankenstein-Dracula' variation"]
[ECO "C27"]
[NIC "VG.02"]
[Time "18:40:11"]
[TimeControl "120+12"]

1. e4 e5 2. Nc3 Nf6 3. Bc4 Nxe4 4. Qh5 Nd6 5. Bb3 Nc6 6. Nb5 g6 7. Qf3 f5 8.
Qd5 Qe7 9. Nxc7+ Kd8 10. Nxa8 b6 11. Ba4 Bb7 12. Nxb6 axb6 13. Qb3 b5 14.
Nf3 bxa4 15. Qxa4 Nc8 16. Qb5 Kc7 17. O-O Qc5 18. a4 Qxb5 19. axb5 N6a7 20.
Nxe5 Nxb5 21. Nf7 Rg8 22. Re1 Bg7 23. d3 Nd4 24. c3 Nc2 25. Bf4+ d6 26. Nxd6
Nxd6 27. Re7+ Kc6 28. Rc1 Bf6 29. Re6 g5 30. Rxd6+ {Black resigns} 1-0

[Event "GambitGuide"]
[Site "Internet Chess Club"]
[Date "2014.10.30"]
[Round "1"]
[White "JSBach"]
[Black "franco"]
[Result "1-0"]
[ICCResult "Black resigns"]
[WhiteElo "1699"]
[BlackElo "1392"]
[Opening "Vienna: `Frankenstein-Dracula' variation"]
[ECO "C27"]
[NIC "VG.02"]
[Time "18:36:33"]
[TimeControl "120+12"]

1. e4 e5 2. Nc3 Nf6 3. Bc4 Nxe4 4. Qh5 Nd6 5. Bb3 Nc6 6. Nb5 g6 7. Qf3 f5 8.
Qd5 Qe7 9. Nxc7+ Kd8 10. Nxa8 b6 11. Ba4 Bb7 12. Nxb6 axb6 13. Qb3 b5 14.
Nf3 bxa4 15. Qxa4 Kc7 16. d3 Bg7 17. Bg5 Qe6 18. c4 Re8 19. c5 Nf7 20. Qb5
e4 21. dxe4 Qxe4+ 22. Kf1 Nxg5 23. Re1 Qb4 24. Qxb4 Nxb4 25. Rxe8 Nxf3 26.
gxf3 Bxf3 27. Rg1 Bxb2 28. Rg3 Bc6 29. Rb3 Bd4 30. Rxb4 Bxc5 31. Rh4 h5 32.
a4 Bf3 33. Rg8 Bg4 34. Rg7 Kc6 35. Rxg6+ d6 36. a5 Kb5 37. h3 Kxa5 38. hxg4
hxg4 39. Rf6 Kb5 40. Rxf5 g3 41. fxg3 Kc6 42. g4 d5 43. Rhh5 d4 44. Rxc5+
Kd6 45. Rhe5 {Black resigns} 1-0

[Event "GambitGuide"]
[Site "Internet Chess Club"]
[Date "2014.10.30"]
[Round "1"]
[White "JSBach"]
[Black "Wannabet"]
[Result "1-0"]
[ICCResult "Black resigns"]
[WhiteElo "1699"]
[BlackElo "1436"]
[Opening "Vienna: `Frankenstein-Dracula' variation"]
[ECO "C27"]
[NIC "VG.02"]
[Time "18:38:43"]
[TimeControl "120+12"]

1. e4 e5 2. Nc3 Nf6 3. Bc4 Nxe4 4. Qh5 Nd6 5. Bb3 Nc6 6. Nb5 g6 7. Qf3 f5 8.
Qd5 Qe7 9. Nxc7+ Kd8 10. Nxa8 b6 11. Ba4 Bb7 12. Nxb6 axb6 13. Qb3 Kc7 14.
Ne2 Qg5 15. O-O f4 16. Re1 Nf5 17. Qd5 Nh4 18. d4 Nxd4 19. Qxd7+ Kb8 20.
Qe8+ Ka7 21. Ng3 Bg7 22. Qf7 fxg3 23. Bxg5 {Black resigns} 1-0

[Event "GambitGuide"]
[Site "Internet Chess Club"]
[Date "2014.10.30"]
[Round "1"]
[White "JSBach"]
[Black "Riltus1"]
[Result "1-0"]
[ICCResult "Black resigns"]
[WhiteElo "1699"]
[BlackElo "1236"]
[Opening "Vienna: `Frankenstein-Dracula' variation"]
[ECO "C27"]
[NIC "VG.02"]
[Time "18:36:42"]
[TimeControl "120+12"]

1. e4 e5 2. Nc3 Nf6 3. Bc4 Nxe4 4. Qh5 Nd6 5. Bb3 Nc6 6. Nb5 g6 7. Qf3 f5 8.
Qd5 Qe7 9. Nxc7+ Kd8 10. Nxa8 b6 11. Ba4 Bb7 12. Nxb6 axb6 13. Qb3 b5 14.
Nf3 e4 15. Ng1 Nd4 16. Qb4 Nc6 17. Qa3 Nc4 18. Qxe7+ Bxe7 19. Bxb5 Nd4 20.
Ba4 Ba6 21. c3 Nb6 22. Bd1 Nc6 23. Be2 Bd3 24. Bxd3 exd3 25. a4 Bc5 26. a5
Nc4 27. a6 Kc7 28. b3 Re8+ 29. Kd1 Nb6 30. Nh3 h6 31. b4 Bd6 32. Re1 Rxe1+
33. Kxe1 Na7 34. g3 Nc4 35. f4 Kc6 36. Nf2 Be7 37. h4 h5 38. Kf1 Bd6 39. Kg1
Bc7 40. Kg2 Bb6 41. Nxd3 {Black resigns} 1-0

[Event "GambitGuide"]
[Site "Internet Chess Club"]
[Date "2014.10.30"]
[Round "1"]
[White "JSBach"]
[Black "AngryWhopper"]
[Result "1-0"]
[ICCResult "Black resigns"]
[WhiteElo "1699"]
[BlackElo "2116"]
[Opening "Vienna: `Frankenstein-Dracula' variation"]
[ECO "C27"]
[NIC "VG.02"]
[Time "18:38:27"]
[TimeControl "120+12"]

1. e4 e5 2. Nc3 Nf6 3. Bc4 Nxe4 4. Qh5 Nd6 5. Bb3 Nc6 6. Nb5 g6 7. Qf3 f5 8.
Qd5 Qe7 9. Nxc7+ Kd8 10. Nxa8 b6 11. Ba4 Bb7 12. Nxb6 axb6 13. Qb3 Kc7 14.
Ne2 Qe6 15. Qxe6 dxe6 16. d3 Nd4 17. f3 Nxe2 18. Kxe2 f4 19. Bd2 Nf5 20. c3
Bc5 21. Rac1 Be3 22. Rce1 g5 23. Bxe3 Nxe3 24. Rhg1 h5 25. Bb3 Rh6 26. Rc1
g4 27. a4 Kd6 28. Kf2 Ke7 29. Rce1 Kf6 30. Ke2 Rh7 31. Kf2 Rd7 32. Ke2 Rd6
33. Rc1 Ba6 34. c4 Bb7 35. c5 bxc5 36. Rxc5 Ba6 37. Bc4 Bxc4 38. dxc4 Rb6
39. Rb1 Nxg2 40. b4 Nh4 41. fxg4 hxg4 42. a5 Rd6 43. b5 f3+ 44. Kf2 Nf5 45.
Rb2 e4 46. Rb3 Rd2+ 47. Ke1 Re2+ 48. Kf1 g3 49. Rxf5+ Kxf5 50. hxg3 Kg4 51.
b6 Kxg3 52. b7 Rc2 53. b8=Q+ {Black resigns} 1-0

[Event "GambitGuide"]
[Site "Internet Chess Club"]
[Date "2014.10.30"]
[Round "1"]
[White "JSBach"]
[Black "MacClassic"]
[Result "1-0"]
[ICCResult "Black resigns"]
[WhiteElo "1699"]
[BlackElo "1605"]
[Opening "Vienna: `Frankenstein-Dracula' variation"]
[ECO "C27"]
[NIC "VG.02"]
[Time "18:41:06"]
[TimeControl "120+12"]

1. e4 e5 2. Nc3 Nf6 3. Bc4 Nxe4 4. Qh5 Nd6 5. Bb3 Nc6 6. Nb5 g6 7. Qf3 f5 8.
Qd5 Qe7 9. Nxc7+ Kd8 10. Nxa8 b6 11. Ba4 Bb7 12. Nxb6 axb6 13. Qb3 b5 14.
Nf3 bxa4 15. Qxa4 Bg7 16. d3 Ke8 17. Bg5 Bf6 18. Qh4 Bxg5 19. Qxg5 Qxg5 20.
Nxg5 Ke7 21. Kd2 Nd8 22. f3 Ne6 23. Nxe6 dxe6 24. a4 Ba6 25. b4 Rb8 26. b5
Bc8 27. Rhe1 Bd7 28. Rxe5 Kf6 29. f4 Nf7 30. Re3 e5 31. fxe5+ Nxe5 32. Rae1
Ng4 33. Re7 Bc8 34. h3 Nh6 35. Rxh7 Nf7 36. c4 f4 37. c5 Be6 38. c6 Bb3 39.
c7 Rc8 40. b6 Bxa4 41. b7 {Black resigns} 1-0

[Event "GambitGuide"]
[Site "Internet Chess Club"]
[Date "2014.10.30"]
[Round "1"]
[White "JSBach"]
[Black "MacClassic"]
[Result "1-0"]
[ICCResult "Black resigns"]
[WhiteElo "1699"]
[BlackElo "1605"]
[Opening "Vienna: `Frankenstein-Dracula' variation"]
[ECO "C27"]
[NIC "VG.02"]
[Time "18:42:13"]
[TimeControl "120+12"]

1. e4 e5 2. Nc3 Nf6 3. Bc4 Nxe4 4. Qh5 Nd6 5. Bb3 Nc6 6. Nb5 g6 7. Qf3 f5 8.
Qd5 Qe7 9. Nxc7+ Kd8 10. Nxa8 b6 11. Ba4 Qe6 12. Qxe6 {Black resigns} 1-0

[Event "GambitGuide"]
[Site "Internet Chess Club"]
[Date "2014.10.30"]
[Round "1"]
[White "JSBach"]
[Black "Blatherman"]
[Result "1-0"]
[ICCResult "Black checkmated"]
[WhiteElo "1699"]
[BlackElo "1400"]
[Opening "Vienna: `Frankenstein-Dracula' variation"]
[ECO "C27"]
[NIC "VG.02"]
[Time "18:36:35"]
[TimeControl "120+12"]

1. e4 e5 2. Nc3 Nf6 3. Bc4 Nxe4 4. Qh5 Nd6 5. Bb3 Nc6 6. Nb5 g6 7. Qf3 f5 8.
Qd5 Qe7 9. Nxc7+ Kd8 10. Nxa8 b6 11. Ba4 Bb7 12. Nxb6 axb6 13. Qb3 Nc8 14.
Nf3 Qe6 15. Qxe6 dxe6 16. Ng5 Ke7 17. d3 h6 18. Nf3 Nd4 19. Nxe5 b5 20.
Nxg6+ Kf6 21. Nxh8 bxa4 22. Kd2 Bg7 23. c3 Nb5 24. c4 Nd4 25. b4 Bxh8 26.
Bb2 Kf7 27. Rhg1 Nf3+ 28. gxf3 Bxb2 29. Rae1 Nd6 30. c5 Nb5 31. Ke3 Bd4+ 32.
Ke2 Nc3+ 33. Kd2 Nxa2 34. Rb1 Bxf2 35. Rg2 Bd4 36. Rg3 Nc3 37. Rf1 Nd5 38.
Rb1 Be3+ 39. Kc2 Bf4 40. Rh3 Be5 41. Rxh6 a3 42. Rh7+ Bg7 43. Rg1 Nxb4+ 44.
Kb3 Bd5+ 45. Kxb4 a2 46. Rhxg7+ Kf6 47. d4 f4 48. R7g4 Kf5 49. Rg5+ Kf6 50.
R5g4 Kf5 51. Rg5+ Kf6 52. Rg6+ Kf5 53. R1g5# {Black checkmated} 1-0

[Event "GambitGuide"]
[Site "Internet Chess Club"]
[Date "2014.10.30"]
[Round "1"]
[White "JSBach"]
[Black "waynehatcher"]
[Result "1-0"]
[ICCResult "Black resigns"]
[WhiteElo "1699"]
[BlackElo "1858"]
[Opening "Vienna: `Frankenstein-Dracula' variation"]
[ECO "C27"]
[NIC "VG.02"]
[Time "18:33:25"]
[TimeControl "120+12"]

1. e4 e5 2. Nc3 Nf6 3. Bc4 Nxe4 4. Qh5 Nd6 5. Bb3 Nc6 6. Nb5 g6 7. Qf3 f5 8.
Qd5 Qe7 9. Nxc7+ Kd8 10. Nxa8 b6 11. Ba4 Bb7 12. Nxb6 axb6 13. Qb3 Kc7 14.
Ne2 Ne4 15. d3 Nc5 16. Qa3 Nxa4 17. Qxa4 Qb4+ 18. Nc3 Qxa4 19. Nxa4 d5 20.
f4 e4 21. Nc3 Nd4 22. Kd2 Bb4 23. Re1 Re8 24. a3 Bxc3+ 25. Kxc3 Nc6 26. Be3
Ba6 27. h3 b5 28. Bc5 Kd7 29. Kd2 Bb7 30. a4 b4 31. a5 Ba6 32. Re3 d4 33.
Ree1 e3+ 34. Ke2 Ke6 35. Ra4 Rb8 36. Bb6 Kd5 37. Rd1 Bb5 38. Raa1 Ba6 39.
Re1 Ne7 40. Rad1 Rc8 41. Rc1 Nc6 42. c4+ Ke6 43. Bc5 Rd8 44. Ra1 Kd7 45. b3
Ke6 46. Ra4 Rb8 47. Rc1 h6 48. h4 Kf6 49. Bd6 Rb7 50. Raa1 Rf7 51. Ra4 Rb7
52. Rd1 Ke6 53. Bf8 h5 54. Bc5 Kf6 55. Bd6 Ke6 56. c5 Kd5 57. Rf1 Nd8 58.
Rc1 Kc6 59. Raa1 Ne6 60. Be5 Rb5 61. Rc4 Kd5 62. c6 Rc5 63. c7 Bc8 64. a6
Kc6 65. a7 {Black resigns} 1-0

[Event "GambitGuide"]
[Site "Internet Chess Club"]
[Date "2014.10.30"]
[Round "1"]
[White "JSBach"]
[Black "fishhead"]
[Result "1-0"]
[ICCResult "Black resigns"]
[WhiteElo "1699"]
[BlackElo "1597"]
[Opening "Vienna: `Frankenstein-Dracula' variation"]
[ECO "C27"]
[NIC "VG.02"]
[Time "18:40:42"]
[TimeControl "120+12"]

1. e4 e5 2. Nc3 Nf6 3. Bc4 Nxe4 4. Qh5 Nd6 5. Bb3 Nc6 6. Nb5 g6 7. Qf3 f5 8.
Qd5 Qe7 9. Nxc7+ Kd8 10. Nxa8 b6 11. Ba4 Bb7 12. Nxb6 axb6 13. Qb3 b5 14.
Nf3 bxa4 15. Qxa4 Bg7 16. O-O h6 17. Re1 Qf7 18. d4 e4 19. Bf4 exf3 20. Bxd6
fxg2 21. c3 Re8 22. Rxe8+ Kxe8 23. Re1+ Kd8 24. Bc5 Bf8 25. Bxf8 Qxf8 26.
Qb5 Kc8 27. Qc4 Kb8 28. Qa4 Qc8 29. Qa3 Nd8 30. Qd6+ Qc7 31. Qxg6 f4 32.
Qxh6 Ne6 33. Qf6 f3 34. Qe7 Kc8 35. a4 Qd8 36. Qxd8+ Kxd8 37. h4 Nf4 38. Kh2
Nd3 39. Rg1 Nxf2 40. d5 Nd3 41. d6 f2 42. Rxg2 Bxg2 43. Kxg2 Ke8 44. b4 Kf7
45. c4 Ke6 46. c5 Kd5 47. a5 Kc6 48. h5 Nf4+ 49. Kxf2 Nxh5 50. a6 Nf4 51.
b5+ Kxb5 52. a7 Nd3+ 53. Ke3 Nxc5 54. a8=Q {Black resigns} 1-0

[Event "GambitGuide"]
[Site "Internet Chess Club"]
[Date "2014.10.30"]
[Round "1"]
[White "JSBach"]
[Black "MacClassic"]
[Result "1-0"]
[ICCResult "Black resigns"]
[WhiteElo "1699"]
[BlackElo "1605"]
[Opening "Vienna: `Frankenstein-Dracula' variation"]
[ECO "C27"]
[NIC "VG.02"]
[Time "18:42:21"]
[TimeControl "120+12"]

1. e4 e5 2. Nc3 Nf6 3. Bc4 Nxe4 4. Qh5 Nd6 5. Bb3 Nc6 6. Nb5 g6 7. Qf3 f5 8.
Qd5 Qe7 9. Nxc7+ Kd8 10. Nxa8 b6 11. Ba4 Bh6 12. Bxc6 dxc6 13. Qf3 e4 14.
Qc3 Re8 15. a4 Bb7 16. Qh3 Bg5 17. a5 b5 18. Nb6 axb6 19. a6 Ba8 20. Qa3 Nc4
21. Qxe7+ Rxe7 22. h4 Bf6 23. Rb1 Ra7 24. b3 Ne5 25. Ba3 c5 26. b4 c4 27. h5
g5 28. Bb2 Nd7 29. Bxf6+ Nxf6 30. Ra1 h6 31. Ke2 Nd5 32. c3 Nf4+ 33. Kf1 Nd3
34. Ra3 Kc7 35. f3 Bb7 36. fxe4 Rxa6 37. Rxa6 Bxa6 38. exf5 Bb7 39. f6 Bd5
40. Ne2 Bf7 41. Nd4 Nf4 42. Nxb5+ Kc6 43. Nd4+ Kd5 44. Nf5 {Black resigns}
1-0

[Event "GambitGuide"]
[Site "Internet Chess Club"]
[Date "2014.10.30"]
[Round "1"]
[White "JSBach"]
[Black "Wannabet"]
[Result "1-0"]
[ICCResult "Black resigns"]
[WhiteElo "1699"]
[BlackElo "1436"]
[Opening "Vienna: `Frankenstein-Dracula' variation"]
[ECO "C27"]
[NIC "VG.02"]
[Time "18:41:50"]
[TimeControl "120+12"]

1. e4 e5 2. Nc3 Nf6 3. Bc4 Nxe4 4. Qh5 Nd6 5. Bb3 Nc6 6. Nb5 g6 7. Qf3 f5 8.
Qd5 Qe7 9. Nxc7+ Kd8 10. Nxa8 b6 11. Ba4 Bb7 12. Nxb6 axb6 13. Qb3 Kc7 14.
Ne2 Qg5 15. O-O h5 16. Re1 Ne4 17. d4 Qf6 18. dxe5 Nxe5 19. Be3 Bc5 20. Rad1
Bxe3 21. Qxe3 Bc6 22. Bxc6 dxc6 23. f3 Nc5 24. b4 Ne6 25. Nc1 Nc4 26. Qxe6
{Black resigns}
1-0

[Event "GambitGuide"]
[Site "Internet Chess Club"]
[Date "2014.10.30"]
[Round "1"]
[White "JSBach"]
[Black "fishhead"]
[Result "1-0"]
[ICCResult "Black resigns"]
[WhiteElo "1699"]
[BlackElo "1597"]
[Opening "Vienna: `Frankenstein-Dracula' variation"]
[ECO "C27"]
[NIC "VG.02"]
[Time "18:43:37"]
[TimeControl "120+12"]

1. e4 e5 2. Nc3 Nf6 3. Bc4 Nxe4 4. Qh5 Nd6 5. Bb3 Nc6 6. Nb5 g6 7. Qf3 f5 8.
Qd5 Qe7 9. Nxc7+ Kd8 10. Nxa8 b6 11. Ba4 Bb7 12. Nxb6 axb6 13. Qb3 b5 14.
Ne2 bxa4 15. Qxa4 Bg7 16. d3 Re8 17. Be3 Nf7 18. c3 d5 19. Qb5 Qd7 20. Bc5
Nd6 21. Bxd6 {Black resigns} 1-0

[Event "GambitGuide"]
[Site "Internet Chess Club"]
[Date "2014.10.30"]
[Round "1"]
[White "JSBach"]
[Black "franco"]
[Result "1-0"]
[ICCResult "Black resigns"]
[WhiteElo "1699"]
[BlackElo "1392"]
[Opening "Vienna: `Frankenstein-Dracula' variation"]
[ECO "C27"]
[NIC "VG.02"]
[Time "18:42:09"]
[TimeControl "120+12"]

1. e4 e5 2. Nc3 Nf6 3. Bc4 Nxe4 4. Qh5 Nd6 5. Bb3 Nc6 6. Nb5 g6 7. Qf3 f5 8.
Qd5 Qe7 9. Nxc7+ Kd8 10. Nxa8 b6 11. Ba4 Bb7 12. Nxb6 axb6 13. Qb3 Kc7 14.
Ne2 Bg7 15. Nc3 Qe6 16. Nd5+ Kb8 17. Nxb6 Qxb3 18. axb3 Kc7 19. Nd5+ Kd8 20.
b4 Nd4 21. Nb6 Kc7 22. Nxd7 Bc6 23. c3 Bxa4 24. Rxa4 Kxd7 25. Ra7+ Ke6 26.
Rxg7 e4 27. cxd4 Kf6 28. Rd7 Nc4 29. b3 Nb6 30. Rd6+ {Black resigns} 1-0

[Event "GambitGuide"]
[Site "Internet Chess Club"]
[Date "2014.10.30"]
[Round "1"]
[White "JSBach"]
[Black "Fifo25"]
[Result "0-1"]
[ICCResult "White checkmated"]
[WhiteElo "1699"]
[BlackElo "1509"]
[Opening "Vienna: `Frankenstein-Dracula' variation"]
[ECO "C27"]
[NIC "VG.02"]
[Time "18:40:48"]
[TimeControl "120+12"]

1. e4 e5 2. Nc3 Nf6 3. Bc4 Nxe4 4. Qh5 Nd6 5. Bb3 Nc6 6. Nb5 g6 7. Qf3 f5 8.
Qd5 Qe7 9. Nxc7+ Kd8 10. Nxa8 b6 11. Ba4 Bb7 12. Nxb6 axb6 13. Qb3 Kc7 14.
Ne2 Nd4 15. Nxd4 exd4+ 16. Kf1 Qe4 17. f3 Qe5 18. Qb4 Ne4 19. Qb5 Nc5 20.
Qc4 Bh6 21. Bb5 d3 22. cxd3 Re8 23. Kf2 Qe2+ 24. Kg3 f4+ 25. Kh3 d5 26. Qd4
Bc8+ 27. Bd7 Bxd7+ 28. g4 Qxf3+ 29. Kh4 Qxg4# {White checkmated} 0-1

[Event "GambitGuide"]
[Site "Internet Chess Club"]
[Date "2014.10.30"]
[Round "1"]
[White "JSBach"]
[Black "fishhead"]
[Result "1-0"]
[ICCResult "Black checkmated"]
[WhiteElo "1699"]
[BlackElo "1597"]
[Opening "Vienna: `Frankenstein-Dracula' variation"]
[ECO "C27"]
[NIC "VG.02"]
[Time "18:44:13"]
[TimeControl "120+12"]

1. e4 e5 2. Nc3 Nf6 3. Bc4 Nxe4 4. Qh5 Nd6 5. Bb3 Nc6 6. Nb5 g6 7. Qf3 f5 8.
Qd5 Qe7 9. Nxc7+ Kd8 10. Nxa8 b6 11. Ba4 Bb7 12. Nxb6 axb6 13. Qb3 b5 14.
Nf3 bxa4 15. Qxa4 Bg7 16. O-O Re8 17. Re1 e4 18. d4 h6 19. Bf4 Nf7 20. Qb3
Bc8 21. Qb6# {Black checkmated} 1-0

[Event "GambitGuide"]
[Site "Internet Chess Club"]
[Date "2014.10.30"]
[Round "1"]
[White "JSBach"]
[Black "janp"]
[Result "1-0"]
[ICCResult "Black resigns"]
[WhiteElo "1699"]
[BlackElo "1400"]
[Opening "Vienna: `Frankenstein-Dracula' variation"]
[ECO "C27"]
[NIC "VG.02"]
[Time "18:38:14"]
[TimeControl "120+12"]

1. e4 e5 2. Nc3 Nf6 3. Bc4 Nxe4 4. Qh5 Nd6 5. Bb3 Nc6 6. Nb5 g6 7. Qf3 f5 8.
Qd5 Qe7 9. Nxc7+ Kd8 10. Nxa8 b6 11. Ba4 Bb7 12. Nxb6 axb6 13. Qb3 b5 14.
Ne2 bxa4 15. Qxa4 Bg7 16. O-O Kc7 17. Re1 Ra8 18. Qb3 Qe6 19. Qxe6 dxe6 20.
a4 e4 21. Ng3 Be5 22. Nf1 Nb4 23. d4 Bxd4 24. Re2 Ba6 25. Rd2 e5 26. c3 Nc4
27. cxd4 Nxd2 28. Bxd2 Nd3 29. dxe5 Kd7 30. b4 Ke6 31. Bc3 Rc8 32. Ra3 Nxe5
33. b5 Bb7 34. a5 Nc4 35. Rb3 Ra8 36. a6 Bxa6 37. bxa6 Rxa6 38. Rb7 Ra3 39.
Bb4 Ra4 40. h4 h5 41. Bc5 Kd5 42. Ra7 Rxa7 43. Bxa7 f4 44. Nh2 e3 45. Kf1
Ke4 46. Bc5 Ne5 47. fxe3 fxe3 48. Ke2 Ng4 49. Nxg4 hxg4 50. Bxe3 Kf5 51. Bc5
g5 52. h5 {Black resigns} 1-0

[Event "GambitGuide"]
[Site "Internet Chess Club"]
[Date "2014.10.30"]
[Round "1"]
[White "JSBach"]
[Black "MacClassic"]
[Result "1-0"]
[ICCResult "Black resigns"]
[WhiteElo "1699"]
[BlackElo "1605"]
[Opening "Vienna: `Frankenstein-Dracula' variation"]
[ECO "C27"]
[NIC "VG.02"]
[Time "18:43:43"]
[TimeControl "120+12"]

1. e4 e5 2. Nc3 Nf6 3. Bc4 Nxe4 4. Qh5 Nd6 5. Bb3 Nc6 6. Nb5 g6 7. Qf3 f5 8.
Qd5 Qe7 9. Nxc7+ Kd8 10. Nxa8 b6 11. Ba4 Bh6 12. Bxc6 dxc6 13. Qf3 Bb7 14.
Qh3 Bg7 15. Nxb6 axb6 16. Qb3 Kc7 17. Nf3 e4 18. Qe3 Re8 19. Nd4 Nc4 20. Qc3
b5 21. Ne6+ Qxe6 22. Qxg7+ Re7 23. Qd4 Qd5 24. Qxd5 cxd5 25. a4 b4 26. a5
Ba6 27. Rg1 d4 28. b3 Ne5 29. Bb2 Rd7 30. Rb1 Ng4 31. Rh1 Nf6 32. Rc1 Ne8
33. c4 dxc3 34. dxc3 bxc3 35. Bxc3 Nd6 36. Bd4+ Kb7 37. b4 Nb5 38. Bf6 Ka7
39. Rd1 Rc7 40. Be5 Rb7 41. h4 Na3 42. Rd2 Nc4 43. Bd4+ Ka8 44. Rd1 Rxb4 45.
Bc3 Rb8 46. h5 g5 47. Rg1 f4 48. h6 e3 49. Rh1 exf2+ 50. Kxf2 Ne3 51. Rd7
Rb7 52. Rd8+ Ka7 53. Bd4+ Rb6 54. axb6+ Kb7 55. Rd7+ Kc6 56. Rxh7
{Black resigns}
1-0

[Event "GambitGuide"]
[Site "Internet Chess Club"]
[Date "2014.10.30"]
[Round "1"]
[White "JSBach"]
[Black "Riltus1"]
[Result "1-0"]
[ICCResult "Black resigns"]
[WhiteElo "1699"]
[BlackElo "1236"]
[Opening "Vienna: `Frankenstein-Dracula' variation"]
[ECO "C27"]
[NIC "VG.02"]
[Time "18:43:36"]
[TimeControl "120+12"]

1. e4 e5 2. Nc3 Nf6 3. Bc4 Nxe4 4. Qh5 Nd6 5. Bb3 Nc6 6. Nb5 g6 7. Qf3 f5 8.
Qd5 Qe7 9. Nxc7+ Kd8 10. Nxa8 b6 11. Ba4 Nd4 12. f4 Bb7 13. Qxe5 Qxe5+ 14.
fxe5 Bxa8 15. Kf1 Ne4 16. d3 Nc5 17. Be3 Nxa4 18. Bxd4 Nc5 19. e6 dxe6 20.
Bxh8 {Black resigns} 1-0

[Event "GambitGuide"]
[Site "Internet Chess Club"]
[Date "2014.10.30"]
[Round "1"]
[White "JSBach"]
[Black "MacClassic"]
[Result "1-0"]
[ICCResult "Black resigns"]
[WhiteElo "1699"]
[BlackElo "1605"]
[Opening "Vienna: `Frankenstein-Dracula' variation"]
[ECO "C27"]
[NIC "VG.02"]
[Time "18:45:21"]
[TimeControl "120+12"]

1. e4 e5 2. Nc3 Nf6 3. Bc4 Nxe4 4. Qh5 Nd6 5. Bb3 Nc6 6. Nb5 g6 7. Qf3 f5 8.
Qd5 Qe7 9. Nxc7+ Kd8 10. Nxa8 b6 11. Ba4 Bh6 12. Bxc6 dxc6 13. Qf3 Bb7 14.
Qh3 Qg7 15. Qa3 Kd7 16. Qxa7 Rxa8 17. Qxb6 e4 18. Qc5 Nb5 19. c4 Nd4 20. Kf1
Nc2 21. Rb1 Rd8 22. f3 exf3 23. Nxf3 Kc8 24. Ne5 Bf4 25. Nxc6 Bxc6 26. Qxc6+
Bc7 27. Qa8+ Kd7 28. Qa4+ Ke7 29. Qxc2 Qd4 30. c5 Bf4 31. d3 Be5 32. Bg5+
Kf7 33. Bxd8 {Black resigns} 1-0

[Event "GambitGuide"]
[Site "Internet Chess Club"]
[Date "2014.10.30"]
[Round "1"]
[White "JSBach"]
[Black "franco"]
[Result "1-0"]
[ICCResult "Black resigns"]
[WhiteElo "1717"]
[BlackElo "1392"]
[Opening "Vienna: `Frankenstein-Dracula' variation"]
[ECO "C27"]
[NIC "VG.02"]
[Time "18:45:50"]
[TimeControl "120+12"]

1. e4 e5 2. Nc3 Nf6 3. Bc4 Nxe4 4. Qh5 Nd6 5. Bb3 Nc6 6. Nb5 g6 7. Qf3 f5 8.
Qd5 Qe7 9. Nxc7+ Kd8 10. Nxa8 b6 11. Ba4 Bb7 12. Nxb6 axb6 13. Qb3 Kc7 14.
Ne2 Bg7 15. Nc3 e4 16. Nd5+ {Black resigns} 1-0

[Event "GambitGuide"]
[Site "Internet Chess Club"]
[Date "2014.10.30"]
[Round "1"]
[White "JSBach"]
[Black "AngryWhopper"]
[Result "0-1"]
[ICCResult "White checkmated"]
[WhiteElo "1717"]
[BlackElo "2116"]
[Opening "Vienna: `Frankenstein-Dracula' variation"]
[ECO "C27"]
[NIC "VG.02"]
[Time "18:42:03"]
[TimeControl "120+12"]

1. e4 e5 2. Nc3 Nf6 3. Bc4 Nxe4 4. Qh5 Nd6 5. Bb3 Nc6 6. Nb5 g6 7. Qf3 f5 8.
Qd5 Qe7 9. Nxc7+ Kd8 10. Nxa8 b6 11. Ba4 Bb7 12. Nxb6 axb6 13. Qb3 Kc7 14.
Ne2 Qe6 15. Qxe6 dxe6 16. d3 Nd4 17. f3 Nxe2 18. Kxe2 f4 19. Rd1 Nf5 20. Bd2
Bc5 21. a3 Be3 22. c3 g5 23. Re1 h5 24. Bb3 Kd6 25. Rad1 Ke7 26. Bc4 g4 27.
Rf1 Rg8 28. Ke1 gxf3 29. gxf3 Nh4 30. Bxe3 fxe3 31. h3 Bxf3 32. Rxf3 Nxf3+
33. Ke2 Rg3 34. Kxe3 Ng5+ 35. Kf2 Rxh3 36. Rg1 Rh2+ 37. Ke3 Nf7 38. Rg6 Nd8
39. b3 h4 40. Rg7+ Nf7 41. Rg6 Nd8 42. Rg5 Nf7 43. Rg6 Nd8 44. Rg5 Nc6 45.
Rg6 Nd8 46. Rg5 Kf6 47. Rg8 Nc6 48. Bb5 Ne7 49. Rf8+ Kg5 50. Kf3 Rh3+ 51.
Ke4 Rg3 52. Rb8 Ng6 53. Rxb6 h3 54. Rb7 h2 55. Rh7 Nh4 56. Rg7+ Kf6 57. Rxg3
h1=Q+ 58. Rg2 Qxg2+ 59. Ke3 Qf3+ 60. Kd2 Ng2 61. a4 Qe3+ 62. Kd1 Qe1+ 63.
Kc2 Ne3+ 64. Kb2 Qd2+ 65. Kb1 Qc2+ 66. Ka1 Qxc3+ 67. Ka2 Nd1 68. Ka3 Ne3 69.
Ka2 Nd5 70. Kb1 Nb4 71. Bc4 Qc2+ 72. Ka1 Qa2# {White checkmated} 0-1

[Event "GambitGuide"]
[Site "Internet Chess Club"]
[Date "2014.10.30"]
[Round "1"]
[White "JSBach"]
[Black "Chanchito"]
[Result "1/2-1/2"]
[ICCResult "Game drawn by repetition"]
[WhiteElo "1717"]
[BlackElo "1946"]
[Opening "Vienna: `Frankenstein-Dracula' variation"]
[ECO "C27"]
[NIC "VG.02"]
[Time "18:39:37"]
[TimeControl "120+12"]

1. e4 e5 2. Nc3 Nf6 3. Bc4 Nxe4 4. Qh5 Nd6 5. Bb3 Nc6 6. Nb5 g6 7. Qf3 f5 8.
Qd5 Qe7 9. Nxc7+ Kd8 10. Nxa8 b6 11. Ba4 Bb7 12. Nxb6 axb6 13. Qb3 Kc7 14.
Ne2 Bg7 15. Nc3 Nd4 16. Nd5+ Bxd5 17. Qxd5 Qe6 18. Qxe6 Nxe6 19. c3 e4 20.
Bc2 Nc5 21. Rf1 Nc4 22. Rb1 Ne5 23. Ke2 b5 24. b3 d5 25. a4 bxa4 26. bxa4
Ra8 27. Rb5 Bf8 28. Ba3 Ned7 29. a5 Bd6 30. Bxc5 Nxc5 31. Rfb1 Ra7 32. d4
exd3+ 33. Bxd3 Nb7 34. a6 Nc5 35. Rb6 h5 36. f4 h4 37. h3 Ra8 38. Ke3 Ra7
39. Be2 Ra8 40. Kf3 Ra7 41. Ke3 Ra8 42. Kf3 Ra7 43. Ke3 Ra8 44. Kf3
{Game drawn by repetition}
1/2-1/2